 Dungeon Crawl Stone Soup version 0.18.1-48-g4cf74bf (webtiles) character file.

464 Gargoyl the Skirmisher (level 6, -2/49 HPs)
             Began as a Demonspawn Abyssal Knight on Aug 24, 2016.
             Was a Priest of Lugonu.
             Slain by a gnoll
             ... wielding a +2 whip of electrocution
              (4 damage)
             ... on level 3 of the Dungeon.
             The game lasted 00:08:21 (4167 turns).

Gargoyl the Skirmisher (Demonspawn Abyssal Knight)  Turns: 4167, Time: 00:08:22

Health: -2/49      AC: 15    Str: 12 (15) XL:     6   Next: 80%
Magic:  7/7        EV:  3    Int: 11 (13) God:    Lugonu [***...]
Gold:   169        SH:  0    Dex:  9 (12) Spells: 0 memorised, 5 levels left

rFire  . . .     SeeInvis .     a - +1 hand axe
rCold  . . .     Gourm    .     i - +0 plate armour
rNeg   . . .     Faith    .     (no shield)
rPois  +         Spirit   .     k - +0 helmet
rElec  .         Dismiss  .     (no cloak)
rCorr  .         Reflect  .     (no gloves)
SustAt .         Harm     .     (no boots)
MR     .....                    (no amulet)
Stlth  ..........               (no ring)
                                d - ring of poison resistance

@: not resistant to hostile enchantments, extremely unstealthy
A: talons 1, thin metallic scales 1, demonic guardian 1
a: Depart the Abyss, Bend Space, Banish, Renounce Religion


You were on level 3 of the Dungeon.
You worshipped Lugonu.
Lugonu was most pleased with you.
You were not hungry.

You visited 1 branch of the dungeon, and saw 6 of its levels.
You visited the Abyss 1 time.

You collected 169 gold pieces.

Inventory:

Hand Weapons
 a - a +1 hand axe (weapon)
Missiles
 g - 4 tomahawks (quivered)
Armour
 i - a +0 plate armour (worn)
 k - a +0 helmet (worn)
Jewellery
 d - a ring of poison resistance (left hand)
 o - a +3 ring of strength {unknown}
Scrolls
 b - a scroll of blinking {unknown}
 e - a scroll of identify
 j - a scroll of enchant weapon {unknown}
Comestibles
 c - a bread ration
 f - a slice of pizza
 h - a beef jerky
 l - 2 fruits
 p - a chunk of flesh


   Skills:
 + Level 4.7 Fighting
 + Level 3.3 Axes
 * Level 4.1 Armour
 + Level 2.1 Dodging
 + Level 1.5 Stealth
 + Level 2.6 Invocations


You had 5 spell levels left.
You didn't know any spells.

Dungeon Overview and Level Annotations

Branches:
Dungeon (6/15)
 Temple: D:4-7

Altars:
Fedhas
Nemelex Xobeh
Trog


Innate Abilities, Weirdness & Mutations

You have sharp toenails.
You are partially covered in thin metallic scales (AC +2).
A weak demonic guardian rushes to your aid.


Message History

* * * LOW HITPOINT WARNING * * *
You closely miss the jackal. You completely miss the gnoll.
Your ufetubus disappears in a puff of smoke!
The jackal bites you but does no damage.
The gnoll hits you with a whip of electrocution.
* * * LOW HITPOINT WARNING * * *
The jackal bites you but does no damage.
A gnoll comes into view.
You aren't carrying any potions.
Unknown command.
Read which item? (? for menu, Esc to quit)
Okay, then.
You closely miss the jackal.
The gnoll shouts!
You hit the gnoll.
The gnoll is lightly wounded.
The jackal bites you but does no damage.
Your crimson imp hits the jackal.
The gnoll hits you with a whip of electrocution.
You die...

##...###.######.
#...# #.# ..##..
##...###.# .....
.........## .....
##.#.##...## #...
...........# #..#
)..#.......# #..#
.)##.......#####..#
.......g.......g@5#
.###..###g.#####h##
.###.)# #....h...#
......###..#######
.#####...##########
.# ##.####.......
.#### #........#
....# #####....#
###.#
#.....########


You could see 2 gnolls, a jackal and a friendly crimson imp.

Vanquished Creatures
  2 scorpions (D:4)
  A gnoll shaman (D:3)
  A giant frog skeleton (D:6)
  A worker ant (D:4)
  A hound skeleton (D:4)
  8 gnolls (D:3)
  9 adders
  An ooze (D:3)
  2 worms
  2 dart slugs (D:3)
  4 giant geckos
  3 orcs
  9 bats
  5 giant cockroaches
  7 goblins
  8 hobgoblins
  7 jackals
  A ball python (D:3)
  5 giant newts
  10 kobolds
  A quokka skeleton (D:4)
  9 rats
97 creatures vanquished.

Vanquished Creatures (collateral kills)
  2 gnolls (D:3)
2 creatures vanquished.

Vanquished Creatures (others)
  A plant (D:3)
1 creature vanquished.

Grand Total: 100 creatures vanquished

Notes
Turn   | Place    | Note
--------------------------------------------------------------
     0 | Abyss:1  | Gargoyl the Demonspawn Abyssal Knight began the quest for the Orb.
     0 | Abyss:1  | Reached XP level 1. HP: 18/18 MP: 2/2
    50 | Abyss:1  | Found a corrupted altar of Lugonu.
    76 | Abyss:1  | Noticed a shadow
   120 | Abyss:1  | Noticed a wretched star
   122 | D:1      | Escaped the Abyss
   215 | D:1      | Reached skill level 1 in Dodging
   221 | D:1      | Gained mutation: You have sharp toenails. [demonic ancestry]
   221 | D:1      | Reached XP level 2. HP: 9/24 MP: 3/3
   384 | D:1      | Reached * piety under Lugonu
   867 | D:1      | Reached XP level 3. HP: 29/29 MP: 4/4
  1238 | D:2      | HP: 1/30 [adder (1)]
  1615 | D:2      | You fall through a shaft!
  1652 | D:3      | Reached ** piety under Lugonu
  1770 | D:3      | Reached XP level 4. HP: 27/37 MP: 5/5
  2014 | D:3      | Reached skill level 1 in Stealth
  2052 | D:3      | You fall through a shaft for 3 floors!
  2057 | D:6      | Gained mutation: You are partially covered in thin metallic scales (AC +2). [demonic ancestry]
  2057 | D:6      | Reached XP level 5. HP: 9/42 MP: 6/6
  2302 | D:5      | Entered Level 5 of the Dungeon
  2803 | D:4      | Found a sparkling altar of Nemelex Xobeh.
  2826 | D:4      | Gained mutation: A weak demonic guardian rushes to your aid. [demonic ancestry]
  2826 | D:4      | Reached XP level 6. HP: 49/49 MP: 7/7
  2964 | D:2      | Found a faded altar to an unknown god.
  3304 | D:2      | Found a blossoming altar of Fedhas.
  3484 | D:2      | Found a bloodstained altar of Trog.
  3491 | D:2      | Reached *** piety under Lugonu
  4166 | D:3      | HP: 1/49 [gnoll/whip of electrocution (3)]
  4167 | D:3      | Slain by a gnoll

Skill      XL: |  1  2  3  4  5  6 |
---------------+-------------------+-----
Dodging        | 1 2 |  2.1
Axes           | 2 3 |  3.3
Armour         | 2 3 4 |  4.1
Fighting       | 4 |  4.7
Stealth        | 1 |  1.5
Invocations    | |  2.6

Action                   |  1- 3 |  4- 6 || total
-------------------------+-------+-------++-------
Melee: Hand axe          |   127 |   282 ||   409
       Kick              |    20 |    59 ||    79
Throw: Tomahawk          |       |     2 ||     2
Invok: Depart the Abyss  |     1 |       ||     1
  Use: Potion            |     1 |     4 ||     5
       Scroll            |       |     5 ||     5
 Stab: Sleeping          |     1 |       ||     1
       Distracted        |       |     1 ||     1
  Eat: Chunk             |     3 |     9 ||    12
Armor: Leather armour    |    38 |       ||    38
       Plate armour      |    32 |   254 ||   286
Dodge: Dodged            |    86 |    89 ||   175
